AoeStats
← Count Dracula

Migration

509912806Analyzed
1v1 RM · 3d ago on Sep 28, 2026· 61m 43s· 2 players
Game mode
Random Map
Map size
132×132
Population
200
Speed
Normal
Resources
Standard
Victory
Conquest
Starting age
Dark Age
Ending age
Imperial Age
RankedLock teamsTeams togetherTeam positionsShared explorationLock speedFull tech treeHidden civsTurbo modeCheats
Victory
Defeat
🇷🇺 Spanish · Russia
789
+18
🇮🇪 Vietnamese · Ireland
831
-31
Newby
11:11 Feudal Age
11:39 Feudal Age
16:39 Castle Age
18:24 Double-Bit Axe
18:21 Horse Collar
21:53 Forging
23:23 Bow Saw
25:00 Wheelbarrow
25:04 Stone Mining
25:20 Gold Mining
26:11 Iron Casting
25:45 Scale Barding Armor
29:04 Stone Shaft Mining
34:24 Imperial Age
32:07 Heavy Plow
33:11 Hand Cart
36:53 Two-Man Saw
37:00 Two-Man Saw
36:24 Conscription
38:33 Chemistry
37:29 Murder Holes
38:24 Chain Barding Armor
40:06 Ballistics
40:36 Iron Casting
40:37 Plate Barding Armor
42:42 Husbandry
42:54 Bloodlines
42:07 Cavalier
43:31 Paladin
45:48 Elite Cannon Galleon
46:57 Medium Warships
47:07 Siphons
47:22 Shipwright
47:13 Clinker Construction
47:15 Careening
49:36 Heavy Warships
50:54 Elite Conquistador
55:21 Masonry
55:35 Dry Dock
55:36 Carvel Hull
Count Dracula
1:28 Loom
9:42 Feudal Age
11:10 Wheelbarrow
10:53 Double-Bit Axe
17:48 Gold Mining
20:10 Horse Collar
26:46 Castle Age
27:46 Hand Cart
28:46 Medium Warships
35:25 Pikeman
36:05 Squires
35:51 Arson
36:33 Elite Skirmisher
37:18 Padded Archer Armor
37:08 Fletching
37:30 Forging
37:20 Scale Mail Armor
38:23 Murder Holes
39:44 Bow Saw
42:56 Imperial Age
40:51 Ballistics
44:48 Chemistry
45:16 Heavy Warships
46:26 Elite Cannon Galleon
47:30 Halberdier
47:45 Imperial Skirmisher
Connection lost

Rejoining the realm…

Still unreachable

The connection could not be restored.

Session expired

The server has moved on; the page needs a fresh start.